 Dungeon Crawl Stone Soup version 0.21.1-1-g345015f (webtiles) character file.

1029 Kairos the Shield-Bearer (level 8, 0/62 HPs)
             Began as a Formicid Fighter on Mar 17, 2018.
             Was an Initiate of Okawaru.
             Slain by an orc warrior
             ... wielding a +0 glaive of venom
              (11 damage)
             ... on level 6 of the Dungeon.
             The game lasted 00:12:17 (4946 turns).

Kairos the Shield-Bearer (Formicid Fighter)         Turns: 4946, Time: 00:12:17

Health: 0/62       AC:  7    Str: 27      XL:     8   Next: 47%
Magic:  0/8        EV: 13    Int:  7      God:    Okawaru [......]
Gold:   56         SH: 10    Dex: 10 (11) Spells: 7/7 levels left

rFire    . . .     SeeInvis +   v - +6 whip of Pyromania {slash, Str+4}
rCold    . . .     Gourm    .   c - +0 shield
rNeg     . . .     Faith    .   b - +0 scale mail
rPois    .         Spirit   +   (helmet unavailable)
rElec    .         Reflect  .   (no cloak)
rCorr    .         Harm     .   (no gloves)
MR       .....                  (no boots)
Stlth    +.........             y - amulet of guardian spirit
HPRegen  0.20/turn              C - +3 ring of evasion
MPRegen  0.11/turn              w - ring of stealth

@: lethally poisoned (0 -> -3)
A: permanent stasis, dig shafts and tunnels, four strong arms, antennae 3
a: Dig, Shaft Self, Renounce Religion


You were on level 6 of the Dungeon.
You worshipped Okawaru.
Okawaru was noncommittal.
You were not hungry.

You visited 2 branches of the dungeon, and saw 7 of its levels.

You collected 266 gold pieces.
You spent 210 gold pieces at shops.

Inventory:

Hand Weapons
 a - a +0 quarterstaff
 v - the +6 whip of Pyromania (weapon) {slash, Str+4}
   (You found it on level 4 of the Dungeon)

   It inflicts extra damage upon your enemies.
   It affects your strength (+4).
Armour
 b - a +0 scale mail (worn)
 c - a +0 shield (worn)
Jewellery
 e - an uncursed amulet of harm
 o - an uncursed ring of fire
 w - a ring of stealth (right hand)
 y - an amulet of guardian spirit (around neck)
 C - a +3 ring of evasion (left hand)
 I - an uncursed ring of fire
Wands
 t - a wand of flame (14)
 B - a wand of polymorph (13)
Scrolls
 h - a scroll of blinking {unknown}
 i - 3 scrolls of remove curse
 j - 2 scrolls of fog {unknown}
 k - 3 scrolls of identify {unknown}
 m - a scroll of fear {unknown}
 n - a scroll of enchant weapon {unknown}
 q - 3 scrolls of magic mapping {unknown}
 r - 2 scrolls of teleportation {unknown}
 z - a scroll of amnesia {unknown}
Potions
 d - a potion of might
 g - 3 potions of haste {unknown}
 l - 3 potions of curing {unknown}
 p - 3 potions of brilliance {unknown}
 s - a potion of ambrosia {unknown}
 x - a potion of flight {unknown}
 A - a potion of agility {unknown}
 D - a potion of magic {unknown}
 F - a potion of lignification {unknown}
 G - a potion of degeneration {unknown}
Books
 u - a book of Maledictions

   Spells                             Type                      Level
   a - Corona                         Hexes                        1
   b - Ensorcelled Hibernation        Hexes/Ice                    2
   c - Confuse                        Hexes                        3
   d - Tukima's Dance                 Hexes                        3
   e - Dazzling Spray                 Conjuration/Hexes            3
 E - a book of Conjurations

   Spells                             Type                      Level
   a - Magic Dart                     Conjuration                  1
   b - Searing Ray                    Conjuration                  2
   c - Dazzling Spray                 Conjuration/Hexes            3
   d - Fulminant Prism                Conjuration/Hexes            4
   e - Force Lance                    Conjuration/Translocation    4
   f - Iskenderun's Mystic Blast      Conjuration                  4
Comestibles
 f - 9 rations


   Skills:
 + Level 5.0 Fighting
 + Level 4.4(5.1) Maces & Flails
 + Level 4.0(5.0) Staves
 + Level 5.3 Armour
 + Level 2.4 Dodging
 + Level 1.1 Stealth
 + Level 5.7 Shields


You had 7 spell levels left.
You didn't know any spells.

Dungeon Overview and Level Annotations

Branches:
Dungeon (6/15)             Temple (1/1) D:5

Altars:
Dithmenos
Fedhas
Kikubaaqudgha
Makhleb
Okawaru
Qazlal
Ru
Uskayaw
Vehumet
Xom
Yredelemnul

Shops:
D:4 *(=


Innate Abilities, Weirdness & Mutations

You cannot be hasted, slowed, berserked, paralysed or teleported.
You can dig through walls and to a lower floor.
Your four strong arms can wield two-handed weapons with a shield.
You have a pair of large antennae on your head. (SInv)


Message History

You are too injured to fight recklessly!
You are too injured to fight recklessly!
You are too injured to fight recklessly!
You are too injured to fight recklessly!
You are too injured to fight recklessly!
You closely miss the orc warrior. You closely miss the orc warrior.
The orc warrior hits you with a glaive of venom!
* * * LOW HITPOINT WARNING * * *
You are poisoned.
You whack the orc warrior!
The orc warrior is moderately wounded.
You feel sick. The orc warrior completely misses you.
Your shield prevents you from hitting the orc warrior.
The orc warrior is moderately wounded.
You feel sick.
You hit the orc warrior.
The orc warrior is moderately wounded.
The orc warrior hits you with a glaive of venom!
You die...

.........#####.#
.............#.#
.......o:......#
.........o...{.#
.........[....##
##........o{..+
#............#
#...5........###
###########'##@#
#.##o# #.##o#
#..5o# ######


You could see an orc warrior, an orc priest, a crimson imp and an orc.

Vanquished Creatures
  A sky beast (D:5)
  An ice beast (D:5)
  2 ogres
  2 crimson imps (D:5)
  2 bullfrog zombies (D:5)
  A quasit (D:6)
  2 jellies
  A hound (D:5)
  A bullfrog skeleton (D:5)
  2 orc priests
  2 orc wizards
  2 hound skeletons
  A worker ant zombie (D:5)
  A gnoll (D:1)
  10 adders
  2 oozes (D:4)
  An adder zombie (D:5)
  6 worms
  A dart slug (D:2)
  3 leopard geckos
  19 orcs
  10 bats
  3 giant cockroaches
  7 goblins
  9 hobgoblins
  7 jackals
  9 kobolds
  3 quokkas
  A ball python (D:2)
  3 frilled lizards
  A leopard gecko skeleton (D:4)
  6 rats
122 creatures vanquished.

Vanquished Creatures (others)
  A quokka (D:2)
1 creature vanquished.

Grand Total: 123 creatures vanquished

Notes
Turn   | Place    | Note
-------+----------+-------------------------------------------
     0 | D:1      | Kairos the Formicid Fighter began the quest for the Orb.
     0 | D:1      | Reached XP level 1. HP: 18/18 MP: 1/1
   159 | D:1      | Reached XP level 2. HP: 24/24 MP: 2/2
   376 | D:1      | Reached XP level 3. HP: 22/29 MP: 3/3
   502 | D:2      | Found a radiant altar of Vehumet.
   797 | D:2      | Reached XP level 4. HP: 35/36 MP: 4/4
  1253 | D:2      | Found a faded altar of an unknown god.
  1495 | D:3      | Found an ancient bone altar of Kikubaaqudgha.
  1650 | D:3      | Reached XP level 5. HP: 41/42 MP: 5/5
  2063 | D:3      | Reached XP level 6. HP: 45/48 MP: 6/6
  2220 | D:4      | Got a jewelled whip
  2221 | D:4      | Identified the +6 whip of Pyromania {slash, Str+4} (You found it on level 4 of the Dungeon)
  2313 | D:4      | Found a radiant altar of Vehumet.
  2323 | D:4      | Reached skill level 1 in Dodging
  2461 | D:4      | Found Qihuix's Jewellery Shop.
  2535 | D:4      | Found Ymas's Assorted Antiques.
  2542 | D:4      | Reached skill level 1 in Stealth
  2610 | D:4      | Found Caizir's Antique Weapon Shoppe.
  2719 | D:4      | Noticed an ogre
  2728 | D:4      | Killed an ogre
  2728 | D:4      | Reached skill level 1 in Maces & Flails
  2728 | D:4      | Reached skill level 5 in Shields
  2728 | D:4      | Reached XP level 7. HP: 37/55 MP: 7/7
  2996 | D:4      | Bought a +3 ring of evasion for 210 gold pieces
  3192 | D:5      | Entered Level 5 of the Dungeon
  3209 | D:5      | Found a burning altar of Makhleb.
  3330 | D:5      | Reached skill level 5 in Armour
  3539 | D:5      | Reached XP level 8. HP: 60/61 MP: 8/8
  3734 | D:5      | Reached skill level 5 in Fighting
  4179 | D:5      | Found a staircase to the Ecumenical Temple.
  4319 | Temple   | Entered the Ecumenical Temple
  4432 | Temple   | Became a worshipper of Warmaster Okawaru
  4946 | D:6      | Slain by an orc warrior

Skill      XL: |  1  2  3  4  5  6  7  8 |
---------------+-------------------------+-----
Armour         | 4 5 |  5.3
Shields        | 4 5 |  5.7
Staves         | 3 4 |  4.0
Fighting       | 4 5 |  5.0
Dodging        | 1 2 |  2.4
Stealth        | 1 |  1.1
Maces & Flails | 1 3 4 |  4.4

Action                   |  1- 3 |  4- 6 |  7- 9 || total
-------------------------+-------+-------+-------++-------
Melee: Quarterstaff      |    66 |   145 |       ||   211
       Whip              |       |    60 |    99 ||   159
  Use: Scroll            |       |       |     1 ||     1
  Eat: Chunk             |       |     6 |     4 ||    10
       Ration            |       |       |     1 ||     1
Armor: Scale mail        |    29 |    83 |    23 ||   135
Dodge: Dodged            |    22 |    67 |    30 ||   119
Block: Shield            |    34 |   111 |    34 ||   179
